 Dungeon Crawl Stone Soup version 0.31-a0-217-g58bb5d79cf (webtiles) character file.

Game seed: 6246456384295083625

130959 qw the Severer (level 17, -25/112 HPs)
             Began as a Gargoyle Fighter on July 2, 2023.
             Was an Elder of Okawaru.
             Killed from afar by Nikola (79 damage)
             ... with an arc of chain lightning
             ... on level 2 of the Snake Pit.
             The game lasted 00:15:03 (25846 turns).

qw the Severer (Gargoyle Fighter)                  Turns: 25846, Time: 00:15:04

Health: -25/112    AC: 38    Str: 22    XL:     17   Next: 9%
Magic:  24/24      EV: 19    Int: 13    God:    Okawaru [****..]
Gold:   217        SH: 14    Dex: 18    Spells: 16/16 levels left

rFire   + + .        Y - +6 broad axe (freeze)
rCold   + . .        o - +0 kite shield
rNeg    + . .        q - +2 chain mail {rC+}
rPois   inf          (helmet restricted)
rElec   +            l - +2 cloak
rCorr   .            h - +2 pair of gloves
SInv    +            E - +0 pair of boots
Will    +....        y - amulet of regeneration Stlth
                     m - +5 ring of evasion
HPRegen 1.18/turn    k - ring "Nudec" {rF++ Str-3 Dex+6 SInv}
MPRegen 0.19/turn

%: no passive effects
@: heroic, flying
A: sickness immunity, AC +12, big wings, negative energy resistance 1,
electricity resistance, torment resistance 1, petrification resistance, horns 1,
agile 1, clever 1
a: Renounce Religion, Heroism, Finesse


You were on level 2 of the Snake Pit.
You worshipped Okawaru.
Okawaru was greatly pleased with you.
You visited 5 branches of the dungeon, and saw 25 of its levels.

You collected 2383 gold pieces.
You spent 2166 gold pieces at shops.


Innate Abilities, Weirdness & Mutations

You are immune to sickness and miasma.
Your stone body is resilient. (AC +12)
You are immune to poison.
Your large and strong wings let you fly.
You resist negative energy. (rN+)
You are resistant to electric shocks. (rElec)
You are resistant to unholy torment.
You are immune to petrification.
You have a pair of small horns on your head.
You are agile. (Dex +4, Str/Int -1)
Your mind is acute. (Int +4, Str/Dex -1)


   Skills:
 - Level 14.4(19.4) Fighting
 - Level 18.0(23.0) Axes
 - Level 7.0(12.0) Throwing
 - Level 12.3(17.3) Armour
 - Level 6.0(11.0) Dodging
 + Level 10.8(15.8) Shields
 - Level 10.0 Invocations


You had 16 spell levels left.
You didn't know any spells.
Your spell library was empty.

Inventory:

Hand Weapons
 z - the +7 hand axe of the Orcish Mines {flame, Str+4 Int+3}
   (Okawaru gifted it to you on level 5 of the Lair of Beasts)

   Str:       It affects your strength (+4).
   Int:       It affects your intelligence (+3).
 Y - a +6 broad axe of freezing (weapon)
Missiles
 x - a javelin (quivered)
 D - 10 boomerangs
Armour
 b - +0 acid dragon scales
 h - a +2 pair of gloves (worn)
 l - a +2 cloak (worn)
 n - a +0 plate armour
 o - a +0 kite shield (worn)
 q - a +2 chain mail of cold resistance (worn)
 v - the +1 buckler "Pojumis" {Harm Will+ rCorr}
   (Okawaru gifted it to you on level 13 of the Dungeon)

   rCorr:     It protects you from acid and corrosion.
   Harm:      It increases damage dealt and taken.
   Will:      It increases your willpower.
 E - a +0 pair of boots (worn)
Jewellery
 k - the ring "Nudec" (right hand) {rF++ Str-3 Dex+6 SInv}
   (You found it on level 3 of the Dungeon)

   [ring of see invisible]

   Str:       It affects your strength (-3).
   Dex:       It affects your dexterity (+6).
   rF:        It greatly protects you from fire.
   SInv:      It lets you see invisible.
 m - a +5 ring of evasion (left hand)
 p - a +4 ring of slaying {mikee}
 t - a ring of fire
 y - an amulet of regeneration (around neck)
 G - a ring of protection from cold
Wands
 c - a wand of digging (8)
Scrolls
 i - 3 scrolls of teleportation
 u - 12 scrolls of identify
Potions
 a - a potion of mutation
 d - 4 potions of might
 f - 3 potions of haste
 g - 6 potions of lignification
 j - 8 potions of curing
 r - 4 potions of enlightenment
 s - 2 potions of attraction
 A - 2 potions of resistance
 B - 2 potions of cancellation
 I - a potion of magic

Dungeon Overview and Level Annotations

Branches:
Dungeon (15/15)            Temple (1/1) D:7            Lair (5/5) D:10
  Swamp (0/4) Lair:3        Snake (2/4) Lair:3        Slime (0/5) Lair:4
    Orc (2/2) D:9             Elf (0/3) Orc:2        Vaults (0/5) D:13
 Depths (0/4) D:15

Altars:
Ashenzari
Cheibriados
Dithmenos
Elyvilon
Fedhas
Gozag
Hepliaklqana
Kikubaaqudgha
Makhleb
Nemelex Xobeh
Okawaru
Qazlal
Ru
Sif Muna
Trog
Uskayaw
Vehumet
Wu Jian
Xom
Yredelemnul
Zin
The Shining One
Jiyva

Shops:
D:7 *   D:15 *   Orc:2 ?*!*[

Annotations:
Snake:2 Nikola


Message History

Enter note:
Enter note:
Enter note:
Enter note:
Enter note:
Enter note:
Enter note:
Enter note:
Enter note: You slash Nikola!
You freeze Nikola. You headbutt Nikola.
Nikola is lightly wounded.
Nikola yells, "Danger!
Danger!
High voltage!"
Nikola casts a spell.
Lightning arcs from Nikola's hands!
The bolt of lightning hits you!!! You resist.
Ouch! That really hurt!
A bolt of lightning appears from out of thin air!
The bolt of lightning hits Nikola.
You hear an angry hiss.
You hit Nikola. You freeze Nikola. Your headbutt misses Nikola.
Nikola is lightly wounded.
Nikola hits you but does no damage.
You slash Nikola! You freeze Nikola.
Nikola is lightly wounded.
Nikola closely misses you.
You slash Nikola! You freeze Nikola. You headbutt Nikola.
Nikola is moderately wounded.
You slice Nikola!! You freeze Nikola. You headbutt Nikola.
Nikola is moderately wounded.
You block Nikola's attack.
You hit Nikola. You freeze Nikola. Your headbutt misses Nikola.
Nikola is moderately wounded.
Nikola barely misses you.
You barely miss Nikola. You headbutt Nikola, but do no damage.
Nikola is moderately wounded.
Nikola mumbles some strange words.
Lightning arcs from Nikola's hands!
The bolt of lightning hits you!!!! You resist.
Ouch! That really hurt!
You die...

#........## #.......## #
.........## ..
....###.... ... ...#
###.. .... ## ### .....
###### ......###
###....###
......@@#######.....%).#
.(.........##...#####...
...####.......### #... .
######### #... ##...
#######.... ...........
#########.. ###


You could see Nikola.

Vanquished Creatures
  Rupert (D:14)
  Asterion (Snake:1)
  Kirke (D:15)
  An orc warlord (Orc:1)
  An ettin (D:15)
  A fire dragon (D:13)
  5 hydras
  2 catoblepae
  An ogre mage (D:15)
  3 anacondas (Snake:2)
  2 boulder beetles
  Erica (D:9)
  2 centaur warriors
  3 naga warriors (Snake:1)
  7 death yaks (Lair:3)
  2 tengu warriors
  10 two-headed ogres
  11 orc high priests
  2 naga sharpshooters (Snake:1)
  4 shock serpents (Snake:1)
  2 salamander mystics (Snake:2)
  6 skysharks
  3 skeletal warriors (D:14)
  2 naga ritualists
  4 bog bodies (Lair:3)
  2 deep trolls (D:15)
  2 deep elf pyromancers
  3 orc knights
  2 wolf spiders (Lair:5)
  2 necromancers (D:15)
  6 ugly things
  8 mana vipers
  2 orc sorcerers
  3 cyclopes
  An oklob plant (Snake:1)
  A manticore (D:15)
  7 salamanders
  24 black mambas
  A guardian serpent (Lair:5)
  8 naga magi
  17 cane toads
  4 gargoyles
  Psyche (D:8)
  Maggie (D:6)
  2 unseen horrors
  3 kobold demonologists
  A rime drake (Lair:1)
  2 efreet
  5 komodo dragons (Lair:1)
  A tengu conjurer (D:14)
  A yaktaur (D:15)
  3 meliai (D:13)
  11 trolls
  2 raiju (Lair:5)
  4 hornets
  10 polar bears
  16 blink frogs
  4 slime creatures (D:12)
  A centaur simulacrum (D:14)
  A basilisk (Lair:1)
  A water elemental (D:15)
  3 hogs (D:15)
  A vampire (D:10)
  20 wyverns
  16 humans (D:13)
  70 yaks
  6 fire bats (Orc:1)
  A basilisk (shapeshifter) (D:14)
  3 vampire mosquitoes (D:11)
  A redback (Lair:5)
  2 swamp worms (Lair:3)
  2 steam dragons
  Menkaure (D:6)
  21 wargs
  3 acid dragons
  10 nagas
  15 hell hounds (Lair:5)
  22 water moccasins
  3 sky beasts
  4 ice beasts
  A black bear (shapeshifter) (D:14)
  21 orc warriors
  12 black bears
  13 centaurs
  8 ogres
  37 wolves
  2 phantoms (D:5)
  6 kobold brigands
  17 bullfrogs
  A gnoll sergeant (D:10)
  2 scorpions (D:5)
  8 wights
  4 killer bees (D:9)
  2 electric eels
  4 howler monkeys
  3 sleepcaps
  A jelly (D:5)
  4 hounds
  36 orc priests
  4 iguanas
  13 orc wizards
  4 gnolls (Orc:1)
  5 adders
  2 shadow imps
  An ufetubus (D:5)
  2 dart slugs
  85 orcs
  6 endoplasms
  2 giant cockroaches (D:1)
  10 goblins
  14 hobgoblins
  3 jackals (D:1)
  3 quokkas
  9 ball pythons
  5 bats
  2 frilled lizards
  37 kobolds
  2 rats
  A spectral hobgoblin (D:8)
837 creatures vanquished.

Vanquished Creatures (others)
  An orc (D:8)
1 creature vanquished.

Grand Total: 838 creatures vanquished

Notes
Turn   | Place    | Note
-------+----------+-------------------------------------------
     0 | D:1      | qw the Gargoyle Fighter began the quest for the Orb.
     0 | D:1      | Reached XP level 1. HP: 14/14 MP: 1/1
     0 | D:1      | 0 ||| qw: Version: 0.3-a-40-ge99b1a8
     0 | D:1      | 0 ||| qw: Game counter: 55
     0 | D:1      | 0 ||| qw: Melee chars always use a shield: true
     0 | D:1      | 0 ||| qw: God list: Okawaru
     0 | D:1      | 0 ||| qw: Allow faded altars: false
     0 | D:1      | 0 ||| qw: Do Orc after clearing Dungeon:15 true
     0 | D:1      | 0 ||| qw: Do second Lair branch before Depths: true
     0 | D:1      | 0 ||| qw: Lair rune preference: random
     0 | D:1      | 0 ||| qw: Goals: Normal, Zot:1-4, Slime:5, God:TSO, Crypt,
                  | Tomb, Abyss, Pan, Hells, Win
     0 | D:1      | 0 ||| PLANNING D:1-11
    62 | D:1      | Reached skill level 2 in Axes
    81 | D:1      | 81 ||| Stepping ~*~*~tactically~*~*~ (hiding).
    89 | D:1      | Reached XP level 2. HP: 19/19 MP: 2/2
   464 | D:1      | 464 ||| Stepping ~*~*~tactically~*~*~ (stealth).
   474 | D:1      | Reached skill level 3 in Axes
   629 | D:1      | Reached XP level 3. HP: 23/23 MP: 3/3
   875 | D:1      | 875 ||| UPGRADING to +0 chain mail.
   885 | D:1      | 885 ||| DROPPING +0 scale mail.
   886 | D:1      | 886 ||| UPGRADING to +0 pair of gloves.
   891 | D:1      | 891 ||| READING scroll labelled WEEPORGHUNON.
   892 | D:1      | 892 ||| DRINKING 2 smoky puce potions.
   996 | D:1      | 996 ||| DROPPING potion of berserk rage.
  1037 | D:2      | 1037 ||| Stepping ~*~*~tactically~*~*~ (hiding).
  1121 | D:2      | 1121 ||| Stepping ~*~*~tactically~*~*~ (stealth).
  1182 | D:2      | 1182 ||| Stepping ~*~*~tactically~*~*~ (stealth).
  1223 | D:2      | 1223 ||| DROPPING +0 club.
  1613 | D:2      | 1613 ||| UPGRADING to +0 cloak.
  1618 | D:2      | 1618 ||| UPGRADING to +0 plate armour.
  1628 | D:2      | 1628 ||| DROPPING +0 chain mail.
  1629 | D:2      | 1629 ||| UPGRADING to +5 ring of evasion.
  1630 | D:2      | 1630 ||| READING scroll labelled ZAUHAU AFEKK.
  1631 | D:2      | 1631 ||| READING scroll labelled PULEPO BUARO.
  1632 | D:2      | 1632 ||| READING scroll labelled FUOWILLORCHE.
  1732 | D:3      | Reached skill level 4 in Axes
  1732 | D:3      | Reached XP level 4. HP: 28/28 MP: 4/4
  1750 | D:3      | 1750 ||| Stepping ~*~*~tactically~*~*~ (hiding).
  1751 | D:3      | 1751 ||| Stepping ~*~*~tactically~*~*~ (hiding).
  1890 | D:3      | Identified the ring "Nudec" {rF++ Str-3 Dex+6 SInv}
  2341 | D:3      | Reached skill level 1 in Throwing
  2660 | D:3      | 2660 ||| UPGRADING to +1 pair of gloves.
  2670 | D:3      | 2670 ||| DROPPING +0 pair of gloves.
  2671 | D:3      | 2671 ||| UPGRADING to ring "Nudec" {rF++ Str-3 Dex+6 SInv}.
  2672 | D:3      | 2672 ||| READING scroll labelled POSOURIOTT.
  2672 | D:3      | Identified a scroll of acquirement
  2672 | D:3      | 2672 ||| ACQUIRING +0 buckler of reflection
  2672 | D:3      | Acquired a +0 buckler of reflection
  2674 | D:3      | 2674 ||| UPGRADING to +0 buckler of reflection.
  2684 | D:3      | 2684 ||| DROPPING +0 buckler.
  2685 | D:3      | 2685 ||| READING scroll labelled YNETHO INOPHA.
  2690 | D:3      | 2690 ||| READING scroll labelled JINOTO ZOXKEC.
  2691 | D:3      | 2691 ||| READING scroll labelled FOUTERU DOHON.
  2748 | D:4      | 2748 ||| Stepping ~*~*~tactically~*~*~ (stealth).
  2750 | D:4      | 2750 ||| Stepping ~*~*~tactically~*~*~ (stealth).
  2752 | D:4      | 2752 ||| Stepping ~*~*~tactically~*~*~ (stealth).
  2789 | D:4      | Reached XP level 5. HP: 32/32 MP: 5/5
  2867 | D:4      | 2867 ||| Stepping ~*~*~tactically~*~*~ (stealth).
  2870 | D:4      | 2870 ||| Stepping ~*~*~tactically~*~*~ (stealth).
  2964 | D:4      | 2964 ||| Stepping ~*~*~tactically~*~*~ (stealth).
  3047 | D:4      | Reached skill level 5 in Axes
  3098 | D:4      | 3098 ||| Stepping ~*~*~tactically~*~*~ (hiding).
  3099 | D:4      | 3099 ||| Stepping ~*~*~tactically~*~*~ (hiding).
  3100 | D:4      | 3100 ||| Stepping ~*~*~tactically~*~*~ (hiding).
  3101 | D:4      | 3101 ||| Stepping ~*~*~tactically~*~*~ (hiding).
  3106 | D:4      | Reached skill level 1 in Dodging
  3106 | D:4      | Reached XP level 6. HP: 34/37 MP: 6/6
  3358 | D:4      | 3358 ||| UPGRADING to +0 helmet.
  3363 | D:4      | 3363 ||| DROPPING ring of positive energy.
  3364 | D:4      | 3364 ||| READING 2 scrolls labelled KILAYNTOUGH.
  3365 | D:4      | 3365 ||| READING scroll labelled BIDECOLIMUPS.
  3366 | D:4      | 3366 ||| READING scroll labelled WUXOZE SEAT.
  3367 | D:4      | 3367 ||| DRINKING 3 fuming amethyst potions.
  3368 | D:4      | 3368 ||| DROPPING scroll of amnesia.
  3382 | D:5      | Entered Level 5 of the Dungeon
  3458 | D:5      | 3458 ||| Stepping ~*~*~tactically~*~*~ (stealth).
  3531 | D:5      | Noticed an ice beast
  3533 | D:5      | Noticed a wyvern
  3540 | D:5      | Killed an ice beast
  3541 | D:5      | Reached XP level 7. HP: 43/43 MP: 7/7
  3555 | D:5      | HP: 5/43 [wyvern (10)]
  3556 | D:5      | 3556 ||| READING 2 scrolls of teleportation.
  3557 | D:5      | 3557 ||| DRINKING 2 potions of heal wounds.
  3559 | D:5      | Killed a wyvern
  3560 | D:5      | Reached skill level 6 in Axes
  3779 | D:5      | Reached skill level 7 in Axes
  4070 | D:5      | 4070 ||| Stepping ~*~*~tactically~*~*~ (hiding).
  4109 | D:5      | 4109 ||| Stepping ~*~*~tactically~*~*~ (stealth).
  4115 | D:5      | 4115 ||| Stepping ~*~*~tactically~*~*~ (stealth).
  4116 | D:5      | 4116 ||| Stepping ~*~*~tactically~*~*~ (hiding).
  4117 | D:5      | 4117 ||| Stepping ~*~*~tactically~*~*~ (stealth).
  4118 | D:5      | 4118 ||| Stepping ~*~*~tactically~*~*~ (stealth).
  4119 | D:5      | 4119 ||| Stepping ~*~*~tactically~*~*~ (hiding).
  4120 | D:5      | 4120 ||| Stepping ~*~*~tactically~*~*~ (hiding).
  4145 | D:5      | Reached XP level 8. HP: 48/48 MP: 8/8
  4231 | D:5      | 4231 ||| Stepping ~*~*~tactically~*~*~ (stealth).
  4233 | D:5      | 4233 ||| Stepping ~*~*~tactically~*~*~ (stealth).
  4250 | D:5      | 4250 ||| FLEEEEING.
  4251 | D:5      | 4251 ||| FLEEEEING.
  4252 | D:5      | 4252 ||| FLEEEEING.
  4253 | D:5      | 4253 ||| FLEEEEING.
  4259 | D:5      | 4259 ||| FLEEEEING.
  4266 | D:5      | 4266 ||| STAIRDANCE
  4323 | D:5      | 4323 ||| DROPPING +0 mace of protection.
  4437 | D:5      | 4437 ||| Stepping ~*~*~tactically~*~*~ (stealth).
  4438 | D:5      | 4438 ||| Stepping ~*~*~tactically~*~*~ (stealth).
  4478 | D:5      | 4478 ||| FLEEEEING.
  4482 | D:5      | 4482 ||| FLEEEEING.
  4483 | D:5      | 4483 ||| FLEEEEING.
  4484 | D:5      | 4484 ||| FLEEEEING.
  4485 | D:5      | 4485 ||| FLEEEEING.
  4489 | D:5      | 4489 ||| FLEEEEING.
  4490 | D:5      | 4490 ||| FLEEEEING.
  4491 | D:5      | 4491 ||| FLEEEEING.
  4492 | D:5      | 4492 ||| FLEEEEING.
  4493 | D:5      | 4493 ||| FLEEEEING.
  4494 | D:5      | 4494 ||| FLEEEEING.
  4495 | D:5      | 4495 ||| FLEEEEING.
  4496 | D:5      | 4496 ||| FLEEEEING.
  4497 | D:5      | 4497 ||| FLEEEEING.
  4498 | D:5      | 4498 ||| FLEEEEING.
  4499 | D:5      | 4499 ||| FLEEEEING.
  4507 | D:5      | 4507 ||| FLEEEEING.
  4508 | D:5      | 4508 ||| FLEEEEING.
  4514 | D:5      | 4514 ||| FLEEEEING.
  4515 | D:5      | 4515 ||| FLEEEEING.
  5108 | D:6      | 5108 ||| Stepping ~*~*~tactically~*~*~ (hiding).
  5116 | D:6      | Noticed Maggie
  5123 | D:6      | Noticed Menkaure
  5136 | D:6      | Killed Menkaure
  5137 | D:6      | Reached skill level 8 in Axes
  5139 | D:6      | HP: 11/49 [Maggie/+0 scimitar (4)]
  5140 | D:6      | 5140 ||| READING 2 scrolls of teleportation.
  5141 | D:6      | 5141 ||| DRINKING potion of heal wounds.
  5142 | D:6      | Killed Maggie
  5143 | D:6      | Reached skill level 6 in Fighting
  5143 | D:6      | Reached XP level 9. HP: 46/56 MP: 9/9
  5268 | D:6      | Found a shadowy altar of Dithmenos.
  5338 | D:6      | 5338 ||| Stepping ~*~*~tactically~*~*~ (hiding).
  5342 | D:6      | 5342 ||| Stepping ~*~*~tactically~*~*~ (hiding).
  5344 | D:6      | 5344 ||| Stepping ~*~*~tactically~*~*~ (hiding).
  5345 | D:6      | 5345 ||| Stepping ~*~*~tactically~*~*~ (hiding).
  5346 | D:6      | 5346 ||| Stepping ~*~*~tactically~*~*~ (hiding).
  5354 | D:6      | Reached skill level 6 in Armour
  5472 | D:6      | 5472 ||| READING scroll of enchant armour.
  5472 | D:6      | 5472 ||| ENCHANTING +1 pair of gloves.
  5486 | D:6      | Found a bloodstained altar of Trog.
  5864 | D:6      | 5864 ||| READING scroll labelled BAIR JISYKK.
  5865 | D:6      | 5865 ||| DRINKING 2 fizzy coppery potions.
  5865 | D:6      | Gained mutation: You are partially covered in iridescent
                  | scales. (AC +2) [potion of mutation]
  5866 | D:6      | 5866 ||| READING 2 scrolls of identify.
  5866 | D:6      | 5866 ||| IDENTIFYING white potion
  5904 | D:7      | Reached skill level 9 in Axes
  5915 | D:7      | Found a flagged portal.
  5990 | D:7      | Identified the +6 spear "Wusosaeth" {freeze, rC+ Str+2
                  | Stlth+}
  6057 | D:7      | Identified the +4 leather armour of Elyvilon's Scorn {Int+9
                  | Dex-5}
  6174 | D:7      | 6174 ||| READING scroll of acquirement.
  6174 | D:7      | 6174 ||| ACQUIRING +5 heavy broad axe
  6174 | D:7      | Acquired a +5 heavy broad axe
  6176 | D:7      | 6176 ||| SWAPPING to +5 heavy broad axe.
  6177 | D:7      | 6177 ||| DROPPING +1 war axe.
  6283 | D:7      | Reached XP level 10. HP: 56/63 MP: 10/10
  6311 | D:7      | 6311 ||| Stepping ~*~*~tactically~*~*~ (stealth).
  6532 | D:7      | Found a staircase to the Ecumenical Temple.
  6533 | D:7      | 6533 ||| PLANNING TEMPLE
  6536 | D:7      | 6536 ||| READING 2 scrolls of identify.
  6536 | D:7      | 6536 ||| IDENTIFYING fuming golden potion
  6544 | Temple   | Entered the Ecumenical Temple
  6544 | Temple   | Found a transporter.
  6544 | Temple   | Found a transporter.
  6546 | Temple   | Found a transporter.
  6546 | Temple   | Found a transporter.
  6556 | Temple   | 6556 ||| PLANNING D:1-11
  6559 | Temple   | 6559 ||| PLANNING OKAWARU WORSHIP
  6563 | Temple   | Became a worshipper of Warmaster Okawaru
  6564 | Temple   | 6564 ||| PLANNING D:1-11
  6605 | D:7      | Found Irphaidae's General Store.
  6610 | D:7      | 6610 ||| BUYING potion of curing (45 gold).
  6610 | D:7      | Bought a potion of curing for 45 gold pieces
  6610 | D:7      | 6610 ||| BUYING potion of curing (45 gold).
  6610 | D:7      | Bought a potion of curing for 45 gold pieces
  6610 | D:7      | 6610 ||| BUYING scroll of teleportation (45 gold).
  6610 | D:7      | Bought a scroll of teleportation for 45 gold pieces
  6683 | D:8      | Reached skill level 10 in Axes
  6686 | D:8      | Reached * piety under Okawaru
  6748 | D:8      | 6748 ||| FLEEEEING.
  6749 | D:8      | 6749 ||| STAIRDANCE
  6772 | D:8      | 6772 ||| INVOKING Heroism.
  6780 | D:8      | 6780 ||| STAIRDANCE
  6974 | D:8      | 6974 ||| Stepping ~*~*~tactically~*~*~ (stealth).
  6979 | D:8      | 6979 ||| Stepping ~*~*~tactically~*~*~ (stealth).
  6983 | D:8      | 6983 ||| Stepping ~*~*~tactically~*~*~ (stealth).
  6984 | D:8      | 6984 ||| Stepping ~*~*~tactically~*~*~ (stealth).
  7002 | D:8      | Reached skill level 1 in Invocations
  7011 | D:8      | 7011 ||| Stepping ~*~*~tactically~*~*~ (stealth).
  7091 | D:8      | Identified the +0 scale mail "Fyreoqoq" {rN+ Slay+3}
  7436 | D:8      | Noticed Psyche
  7437 | D:8      | 7437 ||| INVOKING Heroism.
  7442 | D:8      | Killed Psyche
  7443 | D:8      | Reached skill level 3 in Invocations
  7494 | D:8      | 7494 ||| Stepping ~*~*~tactically~*~*~ (stealth).
  7512 | D:8      | Reached ** piety under Okawaru
  7643 | D:8      | Found a hazy altar of Hepliaklqana.
  8085 | D:9      | 8085 ||| Stepping ~*~*~tactically~*~*~ (stealth).
  8087 | D:9      | 8087 ||| Stepping ~*~*~tactically~*~*~ (stealth).
  8088 | D:9      | 8088 ||| Stepping ~*~*~tactically~*~*~ (stealth).
  8095 | D:9      | 8095 ||| Stepping ~*~*~tactically~*~*~ (stealth).
  8096 | D:9      | 8096 ||| Stepping ~*~*~tactically~*~*~ (stealth).
  8113 | D:9      | 8113 ||| INVOKING Heroism.
  8119 | D:9      | Reached XP level 11. HP: 68/68 MP: 11/14
  8165 | D:9      | 8165 ||| Stepping ~*~*~tactically~*~*~ (stealth).
  8169 | D:9      | 8169 ||| Stepping ~*~*~tactically~*~*~ (stealth).
  8190 | D:9      | 8190 ||| DROPPING +0 flail.
  8192 | D:9      | 8192 ||| Stepping ~*~*~tactically~*~*~ (hiding).
  8200 | D:9      | 8200 ||| Stepping ~*~*~tactically~*~*~ (stealth).
  8206 | D:9      | Reached skill level 11 in Axes
  8293 | D:9      | 8293 ||| INVOKING Heroism.
  8538 | D:9      | 8538 ||| INVOKING Heroism.
  8561 | D:9      | Noticed Erica
  8562 | D:9      | 8562 ||| Stepping ~*~*~tactically~*~*~ (hiding).
  8564 | D:9      | 8564 ||| INVOKING Heroism.
  8567 | D:9      | Killed Erica
  8568 | D:9      | Reached skill level 9 in Fighting
  8738 | D:9      | 8738 ||| Stepping ~*~*~tactically~*~*~ (stealth).
  8749 | D:9      | 8749 ||| Stepping ~*~*~tactically~*~*~ (stealth).
  8806 | D:9      | Found a staircase to the Orcish Mines.
  8817 | D:9      | 8817 ||| Stepping ~*~*~tactically~*~*~ (hiding).
  8894 | D:9      | 8894 ||| INVOKING Heroism.
  9031 | D:9      | 9031 ||| READING scroll labelled JIDIUQ OMOIDE.
  9032 | D:9      | 9032 ||| READING 3 scrolls of identify.
  9032 | D:9      | 9032 ||| IDENTIFYING grey potion
  9033 | D:9      | 9033 ||| READING 2 scrolls of identify.
  9033 | D:9      | 9033 ||| IDENTIFYING murky pink potion
  9034 | D:9      | 9034 ||| DROPPING potion of invisibility.
  9093 | D:10     | Entered Level 10 of the Dungeon
  9109 | D:10     | 9109 ||| Stepping ~*~*~tactically~*~*~ (stealth).
  9124 | D:10     | Reached *** piety under Okawaru
  9186 | D:10     | 9186 ||| DRINKING 4 potions of curing.
  9186 | D:10     | 9186 ||| (to cure confusion)
  9241 | D:10     | Reached skill level 12 in Axes
  9257 | D:10     | Reached skill level 9 in Armour
  9295 | D:10     | 9295 ||| INVOKING Heroism.
  9296 | D:10     | Found a staircase to the Lair.
  9328 | D:10     | 9328 ||| Stepping ~*~*~tactically~*~*~ (stealth).
  9489 | D:10     | Noticed a two-headed ogre
  9490 | D:10     | 9490 ||| INVOKING Heroism.
  9495 | D:10     | Noticed a two-headed ogre
  9498 | D:10     | Killed a two-headed ogre
  9498 | D:10     | Reached **** piety under Okawaru
  9499 | D:10     | Reached skill level 6 in Shields
  9501 | D:10     | Noticed a sun demon
  9503 | D:10     | Killed a two-headed ogre
  9504 | D:10     | Reached skill level 3 in Dodging
  9506 | D:10     | Received a gift from Okawaru
  9509 | D:10     | Reached XP level 12. HP: 59/76 MP: 15/15
 10192 | D:10     | 10192 ||| PLANNING LAIR
 10192 | D:10     | 10192 ||| DROPPING ring of see invisible.
 10193 | D:10     | 10193 ||| DRINKING 2 red potions.
 10194 | D:10     | 10194 ||| READING 3 scrolls of identify.
 10194 | D:10     | 10194 ||| IDENTIFYING bubbling yellow potion
 10195 | D:10     | 10195 ||| DROPPING potion of degeneration.
 10245 | Lair:1   | Entered Level 1 of the Lair of Beasts
 10254 | Lair:1   | 10254 ||| STAIRDANCE
 10349 | Lair:1   | Reached skill level 3 in Throwing
 10444 | Lair:1   | 10444 ||| INVOKING Heroism.
 10483 | Lair:1   | 10483 ||| INVOKING Heroism.
 10490 | Lair:1   | Reached skill level 6 in Invocations
 10510 | Lair:1   | 10510 ||| INVOKING Heroism.
 10617 | Lair:1   | 10617 ||| INVOKING Heroism.
 10712 | Lair:1   | 10712 ||| Stepping ~*~*~tactically~*~*~ (stealth).
 10794 | Lair:1   | Reached ***** piety under Okawaru
 11017 | Lair:1   | 11017 ||| INVOKING Heroism.
 11079 | Lair:1   | 11079 ||| INVOKING Heroism.
 11469 | Lair:2   | 11469 ||| INVOKING Heroism.
 11473 | Lair:2   | 11473 ||| Stepping ~*~*~tactically~*~*~ (stealth).
 11493 | Lair:2   | 11493 ||| INVOKING Heroism.
 11514 | Lair:2   | 11514 ||| INVOKING Heroism.
 11522 | Lair:2   | 11522 ||| Stepping ~*~*~tactically~*~*~ (stealth).
 11526 | Lair:2   | 11526 ||| Stepping ~*~*~tactically~*~*~ (stealth).
 11527 | Lair:2   | 11527 ||| Stepping ~*~*~tactically~*~*~ (stealth).
 11528 | Lair:2   | 11528 ||| Stepping ~*~*~tactically~*~*~ (stealth).
 11566 | Lair:2   | 11566 ||| Stepping ~*~*~tactically~*~*~ (stealth).
 11570 | Lair:2   | 11570 ||| INVOKING Heroism.
 11649 | Lair:2   | 11649 ||| Stepping ~*~*~tactically~*~*~ (stealth).
 11652 | Lair:2   | 11652 ||| Stepping ~*~*~tactically~*~*~ (stealth).
 11815 | Lair:2   | Reached skill level 9 in Invocations
 11967 | Lair:2   | Reached XP level 13. HP: 72/82 MP: 18/20
 12354 | Lair:2   | 12354 ||| READING 5 scrolls of identify.
 12354 | Lair:2   | 12354 ||| IDENTIFYING emerald potion
 12355 | Lair:2   | 12355 ||| DROPPING potion of brilliance.
 12412 | Lair:3   | 12412 ||| Stepping ~*~*~tactically~*~*~ (stealth).
 12414 | Lair:3   | 12414 ||| INVOKING Heroism.
 12416 | Lair:3   | 12416 ||| INVOKING Finesse.
 12423 | Lair:3   | Reached skill level 13 in Axes
 12424 | Lair:3   | 12424 ||| Stepping ~*~*~tactically~*~*~ (stealth).
 12503 | Lair:3   | 12503 ||| Stepping ~*~*~tactically~*~*~ (stealth).
 12655 | Lair:3   | Found a staircase to the Snake Pit.
 12656 | Lair:3   | 12656 ||| Stepping ~*~*~tactically~*~*~ (hiding).
 12657 | Lair:3   | 12657 ||| Stepping ~*~*~tactically~*~*~ (hiding).
 12774 | Lair:3   | 12774 ||| Stepping ~*~*~tactically~*~*~ (hiding).
 12782 | Lair:3   | Received a gift from Okawaru
 12783 | Lair:3   | 12783 ||| INVOKING Heroism.
 12794 | Lair:3   | 12794 ||| Stepping ~*~*~tactically~*~*~ (stealth).
 12805 | Lair:3   | 12805 ||| FLEEEEING.
 12806 | Lair:3   | 12806 ||| FLEEEEING.
 12807 | Lair:3   | 12807 ||| FLEEEEING.
 12981 | Lair:3   | 12981 ||| INVOKING Heroism.
 12982 | Lair:3   | 12982 ||| INVOKING Finesse.
 12987 | Lair:3   | 12987 ||| SWAPPING to +3 flail.
 12997 | Lair:3   | 12997 ||| SWAPPING to +5 heavy broad axe.
 13069 | Lair:3   | 13069 ||| Stepping ~*~*~tactically~*~*~ (stealth).
 13081 | Lair:3   | 13081 ||| INVOKING Heroism.
 13189 | Lair:3   | 13189 ||| INVOKING Heroism.
 13204 | Lair:3   | 13204 ||| INVOKING Finesse.
 13210 | Lair:3   | Reached skill level 14 in Axes
 13268 | Lair:3   | 13268 ||| INVOKING Heroism.
 13273 | Lair:3   | 13273 ||| SWAPPING to +3 flail.
 13282 | Lair:3   | 13282 ||| SWAPPING to +5 heavy broad axe.
 13474 | Lair:3   | Identified the orb of Wevias {light, rC+}
 13547 | Lair:3   | 13547 ||| INVOKING Heroism.
 13550 | Lair:3   | 13550 ||| SWAPPING to +3 flail.
 13557 | Lair:3   | 13557 ||| SWAPPING to +5 heavy broad axe.
 13792 | Lair:3   | 13792 ||| Stepping ~*~*~tactically~*~*~ (stealth).
 13797 | Lair:3   | 13797 ||| Stepping ~*~*~tactically~*~*~ (stealth).
 13799 | Lair:3   | 13799 ||| Stepping ~*~*~tactically~*~*~ (hiding).
 13801 | Lair:3   | 13801 ||| Stepping ~*~*~tactically~*~*~ (hiding).
 13808 | Lair:3   | 13808 ||| INVOKING Heroism.
 13811 | Lair:3   | 13811 ||| Stepping ~*~*~tactically~*~*~ (cloud).
 13814 | Lair:3   | 13814 ||| Stepping ~*~*~tactically~*~*~ (cloud).
 13938 | Lair:3   | 13938 ||| Stepping ~*~*~tactically~*~*~ (hiding).
 13941 | Lair:3   | 13941 ||| INVOKING Heroism.
 13954 | Lair:3   | 13954 ||| Stepping ~*~*~tactically~*~*~ (hiding).
 13956 | Lair:3   | 13956 ||| Stepping ~*~*~tactically~*~*~ (hiding).
 13979 | Lair:3   | Found a staircase to the Swamp.
 14398 | Lair:4   | Found a glowing golden altar of the Shining One.
 14511 | Lair:4   | Gained mutation: Your large and strong wings let you fly.
                  | [Gargoyle growth]
 14511 | Lair:4   | Reached XP level 14. HP: 82/90 MP: 21/21
 14511 | Lair:4   | 14511 ||| Stepping ~*~*~tactically~*~*~ (stealth).
 14548 | Lair:4   | 14548 ||| Stepping ~*~*~tactically~*~*~ (stealth).
 14693 | Lair:4   | Found a staircase to the Slime Pits.
 14693 | Lair:4   | Found a viscous altar of Jiyva.
 14703 | Lair:4   | Received a gift from Okawaru
 14959 | Lair:4   | 14959 ||| READING 7 scrolls of identify.
 14959 | Lair:4   | 14959 ||| IDENTIFYING fizzy inky potion
 14960 | Lair:4   | 14960 ||| DROPPING potion of ambrosia.
 14982 | Lair:5   | Entered Level 5 of the Lair of Beasts
 14992 | Lair:5   | 14992 ||| STAIRDANCE
 14996 | Lair:4   | Reached skill level 6 in Throwing
 15065 | Lair:5   | 15065 ||| INVOKING Heroism.
 15068 | Lair:5   | Reached skill level 15 in Axes
 15179 | Lair:5   | 15179 ||| Stepping ~*~*~tactically~*~*~ (stealth).
 15180 | Lair:5   | 15180 ||| Stepping ~*~*~tactically~*~*~ (stealth).
 15189 | Lair:5   | Received a gift from Okawaru
 15215 | Lair:5   | 15215 ||| Stepping ~*~*~tactically~*~*~ (stealth).
 15216 | Lair:5   | 15216 ||| Stepping ~*~*~tactically~*~*~ (stealth).
 15228 | Lair:5   | 15228 ||| Stepping ~*~*~tactically~*~*~ (stealth).
 15278 | Lair:5   | 15278 ||| INVOKING Heroism.
 15298 | Lair:5   | 15298 ||| Stepping ~*~*~tactically~*~*~ (stealth).
 15326 | Lair:5   | 15326 ||| Stepping ~*~*~tactically~*~*~ (stealth).
 15342 | Lair:5   | 15342 ||| INVOKING Heroism.
 15371 | Lair:5   | 15371 ||| Stepping ~*~*~tactically~*~*~ (stealth).
 15384 | Lair:5   | 15384 ||| INVOKING Heroism.
 15515 | Lair:5   | 15515 ||| READING scroll of enchant armour.
 15515 | Lair:5   | 15515 ||| ENCHANTING +0 helmet.
 15557 | Lair:5   | 15557 ||| READING scroll of enchant armour.
 15557 | Lair:5   | 15557 ||| ENCHANTING +1 helmet.
 15637 | Lair:5   | 15637 ||| FLEEEEING.
 15646 | Lair:5   | 15646 ||| INVOKING Heroism.
 15647 | Lair:5   | 15647 ||| INVOKING Finesse.
 15653 | Lair:5   | 15653 ||| SWAPPING to +3 flail.
 15660 | Lair:5   | Reached skill level 12 in Fighting
 15674 | Lair:5   | 15674 ||| SWAPPING to +5 heavy broad axe.
 15695 | Lair:5   | 15695 ||| FLEEEEING.
 15696 | Lair:5   | 15696 ||| FLEEEEING.
 15697 | Lair:5   | 15697 ||| FLEEEEING.
 15697 | Lair:5   | Found a snail-covered altar of Cheibriados.
 15699 | Lair:5   | 15699 ||| STAIRDANCE
 15843 | Lair:5   | Identified the +0 leather armour of Distant Worlds {Harm
                  | rPois}
 15844 | Lair:5   | 15844 ||| Stepping ~*~*~tactically~*~*~ (stealth).
 15858 | Lair:5   | Received a gift from Okawaru
 15872 | Lair:5   | 15872 ||| FLEEEEING.
 15874 | Lair:5   | 15874 ||| FLEEEEING.
 15875 | Lair:5   | 15875 ||| FLEEEEING.
 15876 | Lair:5   | 15876 ||| FLEEEEING.
 15877 | Lair:5   | 15877 ||| FLEEEEING.
 15878 | Lair:5   | 15878 ||| FLEEEEING.
 15879 | Lair:5   | 15879 ||| FLEEEEING.
 15880 | Lair:5   | 15880 ||| FLEEEEING.
 15881 | Lair:5   | 15881 ||| FLEEEEING.
 15882 | Lair:5   | 15882 ||| FLEEEEING.
 15883 | Lair:5   | 15883 ||| FLEEEEING.
 15884 | Lair:5   | 15884 ||| FLEEEEING.
 15885 | Lair:5   | 15885 ||| FLEEEEING.
 15886 | Lair:5   | 15886 ||| FLEEEEING.
 15887 | Lair:5   | 15887 ||| STAIRDANCE
 15961 | Lair:5   | 15961 ||| Stepping ~*~*~tactically~*~*~ (stealth).
 15965 | Lair:5   | 15965 ||| Stepping ~*~*~tactically~*~*~ (stealth).
 15979 | Lair:5   | 15979 ||| INVOKING Heroism.
 15996 | Lair:5   | 15996 ||| Stepping ~*~*~tactically~*~*~ (stealth).
 16016 | Lair:5   | 16016 ||| Stepping ~*~*~tactically~*~*~ (stealth).
 16024 | Lair:5   | 16024 ||| Stepping ~*~*~tactically~*~*~ (hiding).
 16029 | Lair:5   | 16029 ||| INVOKING Heroism.
 16042 | Lair:5   | 16042 ||| Stepping ~*~*~tactically~*~*~ (hiding).
 16153 | Lair:5   | 16153 ||| Stepping ~*~*~tactically~*~*~ (stealth).
 16157 | Lair:5   | 16157 ||| Stepping ~*~*~tactically~*~*~ (hiding).
 16163 | Lair:5   | 16163 ||| INVOKING Heroism.
 16165 | Lair:5   | Identified the +7 hand axe of the Orcish Mines {flame,
                  | Str+4 Int+3} (Okawaru gifted it to you on level 5 of the
                  | Lair of Beasts)
 16165 | Lair:5   | Received a gift from Okawaru
 16176 | Lair:5   | 16176 ||| DROPPING +3 flail.
 16178 | Lair:5   | 16178 ||| Stepping ~*~*~tactically~*~*~ (stealth).
 16195 | Lair:5   | 16195 ||| INVOKING Heroism.
 16202 | Lair:5   | 16202 ||| Stepping ~*~*~tactically~*~*~ (stealth).
 16226 | Lair:5   | 16226 ||| Stepping ~*~*~tactically~*~*~ (stealth).
 16230 | Lair:5   | 16230 ||| Stepping ~*~*~tactically~*~*~ (stealth).
 16232 | Lair:5   | 16232 ||| Stepping ~*~*~tactically~*~*~ (stealth).
 16250 | Lair:5   | 16250 ||| Stepping ~*~*~tactically~*~*~ (stealth).
 16259 | Lair:5   | 16259 ||| Stepping ~*~*~tactically~*~*~ (hiding).
 16385 | Lair:5   | 16385 ||| Stepping ~*~*~tactically~*~*~ (stealth).
 16387 | Lair:5   | 16387 ||| Stepping ~*~*~tactically~*~*~ (stealth).
 16475 | Lair:5   | Reached skill level 16 in Axes
 16826 | Lair:5   | 16826 ||| PLANNING D:1-11
 16826 | Lair:5   | 16826 ||| DROPPING orb of guile.
 17085 | D:11     | 17085 ||| Stepping ~*~*~tactically~*~*~ (stealth).
 17155 | D:11     | Reached XP level 15. HP: 96/96 MP: 22/22
 17176 | D:11     | You are sucked into a shaft and drop 3 floors!
 17183 | D:13     | Found a gate to the Vaults.
 17184 | D:13     | 17184 ||| INVOKING Heroism.
 17189 | D:13     | Identified the +1 buckler "Pojumis" {Harm Will+ rCorr}
                  | (Okawaru gifted it to you on level 13 of the Dungeon)
 17189 | D:13     | Received a gift from Okawaru
 17296 | D:12     | 17296 ||| INVOKING Heroism.
 17503 | D:11     | Reached skill level 12 in Armour
 17536 | D:11     | 17536 ||| Stepping ~*~*~tactically~*~*~ (stealth).
 17795 | D:11     | 17795 ||| PLANNING D
 17980 | D:12     | 17980 ||| Stepping ~*~*~tactically~*~*~ (hiding).
 18036 | D:12     | 18036 ||| Stepping ~*~*~tactically~*~*~ (stealth).
 18037 | D:12     | 18037 ||| Stepping ~*~*~tactically~*~*~ (stealth).
 18042 | D:12     | 18042 ||| INVOKING Heroism.
 18043 | D:12     | 18043 ||| READING 8 scrolls of teleportation.
 18114 | D:12     | 18114 ||| Stepping ~*~*~tactically~*~*~ (hiding).
 18129 | D:12     | 18129 ||| Stepping ~*~*~tactically~*~*~ (stealth).
 18131 | D:12     | 18131 ||| Stepping ~*~*~tactically~*~*~ (hiding).
 18133 | D:12     | 18133 ||| Stepping ~*~*~tactically~*~*~ (hiding).
 18134 | D:12     | 18134 ||| Stepping ~*~*~tactically~*~*~ (hiding).
 18209 | D:12     | 18209 ||| Stepping ~*~*~tactically~*~*~ (stealth).
 18211 | D:12     | 18211 ||| Stepping ~*~*~tactically~*~*~ (stealth).
 18214 | D:12     | 18214 ||| Stepping ~*~*~tactically~*~*~ (stealth).
 18215 | D:12     | 18215 ||| Stepping ~*~*~tactically~*~*~ (stealth).
 18218 | D:12     | 18218 ||| INVOKING Heroism.
 18220 | D:12     | 18220 ||| READING 7 scrolls of teleportation.
 18273 | D:12     | 18273 ||| Stepping ~*~*~tactically~*~*~ (stealth).
 18279 | D:12     | 18279 ||| Stepping ~*~*~tactically~*~*~ (hiding).
 18397 | D:12     | 18397 ||| INVOKING Heroism.
 18580 | D:12     | 18580 ||| READING scroll labelled TUAL YNOANKACLAJIL.
 18687 | D:13     | 18687 ||| Stepping ~*~*~tactically~*~*~ (hiding).
 18689 | D:13     | 18689 ||| Stepping ~*~*~tactically~*~*~ (hiding).
 18829 | D:13     | 18829 ||| INVOKING Heroism.
 19021 | D:13     | 19021 ||| INVOKING Heroism.
 19191 | D:13     | 19191 ||| Stepping ~*~*~tactically~*~*~ (hiding).
 19515 | D:13     | 19515 ||| READING 9 scrolls of identify.
 19515 | D:13     | 19515 ||| IDENTIFYING murky grey potion
 19550 | D:14     | 19550 ||| INVOKING Heroism.
 19590 | D:14     | Noticed Rupert
 19590 | D:14     | Paralysed by Rupert for 5 turns
 19595 | D:14     | 19595 ||| DRINKING 8 potions of curing.
 19595 | D:14     | 19595 ||| (to cure confusion)
 19596 | D:14     | 19596 ||| INVOKING Heroism.
 19603 | D:14     | HP: 19/96 [Rupert/+2 battleaxe of freezing (12)]
 19604 | D:14     | 19604 ||| READING 8 scrolls of teleportation.
 19605 | D:14     | 19605 ||| DRINKING 4 potions of heal wounds.
 19607 | D:14     | Killed Rupert
 19822 | D:14     | 19822 ||| Stepping ~*~*~tactically~*~*~ (hiding).
 19836 | D:14     | 19836 ||| Stepping ~*~*~tactically~*~*~ (hiding).
 20216 | D:14     | Found a blossoming altar of Fedhas.
 20301 | D:14     | 20301 ||| Stepping ~*~*~tactically~*~*~ (hiding).
 20302 | D:14     | 20302 ||| INVOKING Heroism.
 20307 | D:14     | Received a gift from Okawaru
 20315 | D:14     | Reached skill level 17 in Axes
 20391 | D:14     | 20391 ||| DROPPING +2 hat.
 20392 | D:14     | 20392 ||| READING scroll labelled YGI DINKUE.
 20393 | D:14     | 20393 ||| READING scroll labelled UNOTOE MATA.
 20394 | D:14     | 20394 ||| DRINKING 2 ruby potions.
 20421 | D:15     | Entered Level 15 of the Dungeon
 20514 | D:15     | 20514 ||| Stepping ~*~*~tactically~*~*~ (hiding).
 20536 | D:15     | 20536 ||| INVOKING Heroism.
 20598 | D:15     | 20598 ||| Stepping ~*~*~tactically~*~*~ (stealth).
 20606 | D:15     | 20606 ||| INVOKING Heroism.
 20761 | D:15     | 20761 ||| FLEEEEING.
 20762 | D:15     | 20762 ||| FLEEEEING.
 20763 | D:15     | 20763 ||| FLEEEEING.
 20764 | D:15     | 20764 ||| FLEEEEING.
 20765 | D:15     | 20765 ||| FLEEEEING.
 20833 | D:15     | Reached XP level 16. HP: 104/104 MP: 23/23
 20849 | D:15     | 20849 ||| Stepping ~*~*~tactically~*~*~ (stealth).
 20851 | D:15     | 20851 ||| INVOKING Heroism.
 21028 | D:15     | Found a staircase to the Depths.
 21055 | D:15     | Found Pesud's General Store.
 21059 | D:15     | 21059 ||| BUYING potion of haste (100 gold).
 21059 | D:15     | Bought a potion of haste for 100 gold pieces
 21059 | D:15     | 21059 ||| BUYING scroll of identify (20 gold).
 21059 | D:15     | Bought a scroll of identify for 20 gold pieces
 21218 | D:15     | Noticed Kirke
 21219 | D:15     | 21219 ||| INVOKING Heroism.
 21220 | D:15     | 21220 ||| INVOKING Finesse.
 21229 | D:15     | 21229 ||| FLEEEEING.
 21393 | D:15     | 21393 ||| Stepping ~*~*~tactically~*~*~ (stealth).
 21396 | D:15     | 21396 ||| INVOKING Heroism.
 21397 | D:15     | 21397 ||| INVOKING Finesse.
 21415 | D:15     | Killed Kirke
 21594 | D:15     | 21594 ||| PLANNING ORC
 21594 | D:15     | 21594 ||| DROPPING amulet of guardian spirit.
 21595 | D:15     | 21595 ||| UPGRADING to amulet of regeneration.
 21767 | Orc:1    | Entered Level 1 of the Orcish Mines
 21942 | Orc:1    | 21942 ||| DRINKING 7 potions of curing.
 21942 | Orc:1    | 21942 ||| (to cure confusion)
 21946 | Orc:1    | Received a gift from Okawaru
 22013 | Orc:1    | 22013 ||| Stepping ~*~*~tactically~*~*~ (stealth).
 22014 | Orc:1    | 22014 ||| Stepping ~*~*~tactically~*~*~ (stealth).
 22212 | Orc:1    | 22212 ||| Stepping ~*~*~tactically~*~*~ (stealth).
 22214 | Orc:1    | 22214 ||| Stepping ~*~*~tactically~*~*~ (hiding).
 22219 | Orc:1    | 22219 ||| Stepping ~*~*~tactically~*~*~ (hiding).
 22249 | Orc:1    | 22249 ||| Stepping ~*~*~tactically~*~*~ (stealth).
 22269 | Orc:1    | 22269 ||| INVOKING Heroism.
 22270 | Orc:1    | 22270 ||| INVOKING Finesse.
 22362 | Orc:1    | Received a gift from Okawaru
 22399 | Orc:1    | 22399 ||| INVOKING Heroism.
 22405 | Orc:1    | Reached skill level 18 in Axes
 22576 | Orc:2    | Entered Level 2 of the Orcish Mines
 22578 | Orc:2    | Found a staircase to the Elven Halls.
 22626 | Orc:2    | 22626 ||| Stepping ~*~*~tactically~*~*~ (stealth).
 22659 | Orc:2    | Found Qefir's Magic Scroll Shop.
 22667 | Orc:2    | 22667 ||| BUYING scroll of enchant armour (112 gold).
 22667 | Orc:2    | Bought a scroll of enchant armour for 112 gold pieces
 22667 | Orc:2    | 22667 ||| BUYING scroll of enchant weapon (112 gold).
 22667 | Orc:2    | Bought a scroll of enchant weapon for 112 gold pieces
 22667 | Orc:2    | 22667 ||| BUYING scroll of identify (30 gold).
 22667 | Orc:2    | Bought a scroll of identify for 30 gold pieces
 22667 | Orc:2    | 22667 ||| READING scroll of enchant armour.
 22667 | Orc:2    | 22667 ||| ENCHANTING +0 cloak.
 22668 | Orc:2    | 22668 ||| READING scroll of enchant weapon.
 22668 | Orc:2    | 22668 ||| ENCHANTING +5 broad axe of draining.
 22736 | Orc:2    | 22736 ||| INVOKING Heroism.
 22822 | Orc:2    | 22822 ||| Stepping ~*~*~tactically~*~*~ (stealth).
 22824 | Orc:2    | 22824 ||| Stepping ~*~*~tactically~*~*~ (stealth).
 22836 | Orc:2    | 22836 ||| INVOKING Heroism.
 22859 | Orc:2    | HP: 21/104 [orc priest/divine providence (11)]
 22859 | Orc:2    | HP: 4/104 [orc priest/divine providence (17)]
 22860 | Orc:2    | 22860 ||| READING 7 scrolls of teleportation.
 22861 | Orc:2    | 22861 ||| DRINKING 3 potions of heal wounds.
 22862 | Orc:2    | Gained mutation: You are frail. (-10% HP) [a neqoxec]
 22865 | Orc:2    | HP: 18/93 [orc priest/divine providence (12)]
 22866 | Orc:2    | 22866 ||| READING 6 scrolls of teleportation.
 22867 | Orc:2    | 22867 ||| DRINKING 2 potions of heal wounds.
 22872 | Orc:2    | HP: 17/93 [orc high priest/divine providence (14)]
 22872 | Orc:2    | HP: 8/93 [orc priest/divine providence (9)]
 22873 | Orc:2    | 22873 ||| READING 5 scrolls of teleportation.
 22874 | Orc:2    | 22874 ||| DRINKING potion of heal wounds.
 22874 | Orc:2    | Gained mutation: You are occasionally teleported next to
                  | monsters. [a neqoxec]
 22911 | Orc:2    | 22911 ||| Stepping ~*~*~tactically~*~*~ (stealth).
 22913 | Orc:2    | 22913 ||| Stepping ~*~*~tactically~*~*~ (stealth).
 22914 | Orc:2    | 22914 ||| Stepping ~*~*~tactically~*~*~ (stealth).
 22915 | Orc:2    | 22915 ||| Stepping ~*~*~tactically~*~*~ (stealth).
 22916 | Orc:2    | 22916 ||| DRINKING 2 potions of mutation.
 22916 | Orc:2    | Lost mutation: You are occasionally teleported next to
                  | monsters. [potion of mutation]
 22916 | Orc:2    | Lost mutation: You are frail. (-10% HP) [potion of
                  | mutation]
 22916 | Orc:2    | Lost mutation: You are partially covered in iridescent
                  | scales. (AC +2) [potion of mutation]
 22916 | Orc:2    | Gained mutation: You are agile. (Dex +4, Str/Int -1)
                  | [potion of mutation]
 22916 | Orc:2    | Gained mutation: You have a pair of small horns on your
                  | head. [potion of mutation]
 22916 | Orc:2    | Gained mutation: Your mind is acute. (Int +4, Str/Dex -1)
                  | [potion of mutation]
 22919 | Orc:2    | 22919 ||| Stepping ~*~*~tactically~*~*~ (stealth).
 22924 | Orc:2    | 22924 ||| Stepping ~*~*~tactically~*~*~ (stealth).
 22927 | Orc:2    | 22927 ||| Stepping ~*~*~tactically~*~*~ (hiding).
 22928 | Orc:2    | 22928 ||| Stepping ~*~*~tactically~*~*~ (hiding).
 22929 | Orc:2    | 22929 ||| Stepping ~*~*~tactically~*~*~ (hiding).
 22930 | Orc:2    | 22930 ||| Stepping ~*~*~tactically~*~*~ (hiding).
 22931 | Orc:2    | 22931 ||| Stepping ~*~*~tactically~*~*~ (hiding).
 22934 | Orc:2    | 22934 ||| Stepping ~*~*~tactically~*~*~ (hiding).
 22936 | Orc:2    | 22936 ||| Stepping ~*~*~tactically~*~*~ (hiding).
 22937 | Orc:2    | 22937 ||| INVOKING Heroism.
 22964 | Orc:2    | 22964 ||| Stepping ~*~*~tactically~*~*~ (stealth).
 22975 | Orc:2    | 22975 ||| Stepping ~*~*~tactically~*~*~ (stealth).
 22976 | Orc:2    | 22976 ||| Stepping ~*~*~tactically~*~*~ (stealth).
 22993 | Orc:2    | 22993 ||| Stepping ~*~*~tactically~*~*~ (hiding).
 23005 | Orc:2    | 23005 ||| Stepping ~*~*~tactically~*~*~ (stealth).
 23006 | Orc:2    | 23006 ||| Stepping ~*~*~tactically~*~*~ (stealth).
 23036 | Orc:2    | 23036 ||| FLEEEEING.
 23074 | Orc:2    | 23074 ||| INVOKING Heroism.
 23094 | Orc:2    | 23094 ||| INVOKING Heroism.
 23139 | Orc:2    | 23139 ||| INVOKING Heroism.
 23180 | Orc:2    | 23180 ||| Stepping ~*~*~tactically~*~*~ (stealth).
 23181 | Orc:2    | 23181 ||| Stepping ~*~*~tactically~*~*~ (stealth).
 23289 | Orc:2    | 23289 ||| INVOKING Heroism.
 23343 | Orc:2    | 23343 ||| Stepping ~*~*~tactically~*~*~ (hiding).
 23352 | Orc:2    | 23352 ||| Stepping ~*~*~tactically~*~*~ (stealth).
 23354 | Orc:2    | 23354 ||| Stepping ~*~*~tactically~*~*~ (hiding).
 23370 | Orc:2    | 23370 ||| Stepping ~*~*~tactically~*~*~ (stealth).
 23372 | Orc:2    | 23372 ||| Stepping ~*~*~tactically~*~*~ (hiding).
 23379 | Orc:2    | 23379 ||| Stepping ~*~*~tactically~*~*~ (hiding).
 23380 | Orc:2    | 23380 ||| Stepping ~*~*~tactically~*~*~ (hiding).
 23382 | Orc:2    | 23382 ||| INVOKING Heroism.
 23386 | Orc:2    | 23386 ||| Stepping ~*~*~tactically~*~*~ (hiding).
 23413 | Orc:2    | Reached skill level 9 in Shields
 23419 | Orc:2    | 23419 ||| FLEEEEING.
 23422 | Orc:2    | 23422 ||| Stepping ~*~*~tactically~*~*~ (hiding).
 23422 | Orc:2    | Found Gatida's General Store.
 23422 | Orc:2    | Found Vasezoin's Antique Armour Shoppe.
 23474 | Orc:2    | 23474 ||| BUYING pair of boots (162 gold).
 23474 | Orc:2    | Bought a pair of boots for 162 gold pieces
 23474 | Orc:2    | 23474 ||| BUYING runed chain mail (270 gold).
 23474 | Orc:2    | Bought a runed chain mail for 270 gold pieces
 23490 | Orc:2    | 23490 ||| BUYING potion of resistance (110 gold).
 23490 | Orc:2    | Bought a potion of resistance for 110 gold pieces
 23490 | Orc:2    | 23490 ||| BUYING ring of protection from cold (275 gold).
 23490 | Orc:2    | Bought a ring of protection from cold for 275 gold pieces
 23490 | Orc:2    | 23490 ||| BUYING scroll of enchant armour (82 gold).
 23490 | Orc:2    | Bought a scroll of enchant armour for 82 gold pieces
 23490 | Orc:2    | 23490 ||| READING scroll of enchant armour.
 23490 | Orc:2    | 23490 ||| ENCHANTING +1 cloak.
 23606 | Orc:2    | Found Byshreb's Assorted Antiques.
 23606 | Orc:2    | Found Enorraqe's Distillery.
 23611 | Orc:2    | 23611 ||| BUYING potion of might (116 gold).
 23611 | Orc:2    | Bought a potion of might for 116 gold pieces
 23611 | Orc:2    | 23611 ||| SHOPLISTING runed acid dragon scales (1247 gold,
                  | have 648).
 23611 | Orc:2    | 23611 ||| BUYING runed buckler (217 gold).
 23611 | Orc:2    | Bought a runed buckler for 217 gold pieces
 23620 | Orc:2    | 23620 ||| BUYING potion of attraction (51 gold).
 23620 | Orc:2    | Bought a potion of attraction for 51 gold pieces
 23620 | Orc:2    | 23620 ||| BUYING potion of cancellation (136 gold).
 23620 | Orc:2    | Bought a potion of cancellation for 136 gold pieces
 23620 | Orc:2    | 23620 ||| BUYING potion of curing (51 gold).
 23620 | Orc:2    | Bought a potion of curing for 51 gold pieces
 23620 | Orc:2    | 23620 ||| BUYING potion of lignification (51 gold).
 23620 | Orc:2    | Bought a potion of lignification for 51 gold pieces
 23620 | Orc:2    | 23620 ||| BUYING potion of magic (136 gold).
 23620 | Orc:2    | Bought a potion of magic for 136 gold pieces
 23620 | Orc:2    | 23620 ||| SHOPLISTING potion of magic (136 gold, have 6).
 23847 | Orc:2    | 23847 ||| PLANNING SNAKE:1-3
 23847 | Orc:2    | 23847 ||| DROPPING +2 helmet.
 23848 | Orc:2    | 23848 ||| UPGRADING to +2 chain mail of cold resistance.
 23858 | Orc:2    | 23858 ||| UPGRADING to +0 pair of boots.
 23863 | Orc:2    | 23863 ||| DROPPING +2 chain mail of cold resistance.
 23864 | Orc:2    | 23864 ||| DROPPING +0 buckler of reflection.
 24067 | Snake:1  | Entered Level 1 of the Snake Pit
 24204 | Snake:1  | 24204 ||| Stepping ~*~*~tactically~*~*~ (hiding).
 24238 | Snake:1  | Reached skill level 6 in Dodging
 24238 | Snake:1  | 24238 ||| FLEEEEING.
 24239 | Snake:1  | 24239 ||| FLEEEEING.
 24240 | Snake:1  | 24240 ||| FLEEEEING.
 24273 | Snake:1  | 24273 ||| READING scroll of brand weapon.
 24273 | Snake:1  | 24273 ||| BRANDING +6 broad axe of draining.
 24274 | Snake:1  | 24274 ||| DROPPING +0 war axe.
 24293 | Snake:1  | 24293 ||| Stepping ~*~*~tactically~*~*~ (stealth).
 24296 | Snake:1  | 24296 ||| Stepping ~*~*~tactically~*~*~ (hiding).
 24298 | Snake:1  | 24298 ||| Stepping ~*~*~tactically~*~*~ (hiding).
 24504 | Snake:1  | 24504 ||| Stepping ~*~*~tactically~*~*~ (stealth).
 24506 | Snake:1  | 24506 ||| Stepping ~*~*~tactically~*~*~ (hiding).
 24566 | Snake:1  | Noticed Asterion
 24567 | Snake:1  | 24567 ||| INVOKING Heroism.
 24580 | Snake:1  | Killed Asterion
 24586 | Snake:1  | 24586 ||| Stepping ~*~*~tactically~*~*~ (hiding).
 24587 | Snake:1  | 24587 ||| Stepping ~*~*~tactically~*~*~ (hiding).
 24675 | Snake:1  | 24675 ||| Stepping ~*~*~tactically~*~*~ (hiding).
 24681 | Snake:1  | 24681 ||| Stepping ~*~*~tactically~*~*~ (stealth).
 24683 | Snake:1  | 24683 ||| INVOKING Heroism.
 24691 | Snake:1  | Received a gift from Okawaru
 24745 | Snake:1  | 24745 ||| Stepping ~*~*~tactically~*~*~ (stealth).
 24747 | Snake:1  | 24747 ||| Stepping ~*~*~tactically~*~*~ (hiding).
 24750 | Snake:1  | 24750 ||| Stepping ~*~*~tactically~*~*~ (hiding).
 24765 | Snake:1  | 24765 ||| INVOKING Heroism.
 24767 | Snake:1  | HP: 19/106 [naga warrior/+0 glaive (36)]
 24768 | Snake:1  | 24768 ||| READING 4 scrolls of teleportation.
 24773 | Snake:1  | Received a gift from Okawaru
 24902 | Snake:1  | Found a glowing golden altar of the Shining One.
 24907 | Snake:1  | 24907 ||| Stepping ~*~*~tactically~*~*~ (hiding).
 24909 | Snake:1  | 24909 ||| Stepping ~*~*~tactically~*~*~ (hiding).
 24913 | Snake:1  | 24913 ||| Stepping ~*~*~tactically~*~*~ (hiding).
 24914 | Snake:1  | 24914 ||| Stepping ~*~*~tactically~*~*~ (hiding).
 24920 | Snake:1  | 24920 ||| INVOKING Heroism.
 24963 | Snake:1  | Found an ancient bone altar of Kikubaaqudgha.
 24978 | Snake:1  | 24978 ||| INVOKING Heroism.
 25105 | Snake:1  | 25105 ||| UPGRADING to +0 kite shield.
 25115 | Snake:1  | 25115 ||| DROPPING +0 buckler of reflection.
 25116 | Snake:1  | 25116 ||| DROPPING orb of Wevias {light, rC+}.
 25189 | Snake:2  | 25189 ||| Stepping ~*~*~tactically~*~*~ (hiding).
 25206 | Snake:2  | Received a gift from Okawaru
 25241 | Snake:2  | Found a broken altar of Ashenzari.
 25314 | Snake:2  | 25314 ||| Stepping ~*~*~tactically~*~*~ (stealth).
 25316 | Snake:2  | 25316 ||| Stepping ~*~*~tactically~*~*~ (hiding).
 25319 | Snake:2  | 25319 ||| Stepping ~*~*~tactically~*~*~ (hiding).
 25544 | Snake:2  | Reached XP level 17. HP: 99/112 MP: 24/24
 25785 | Snake:2  | 25785 ||| Stepping ~*~*~tactically~*~*~ (stealth).
 25786 | Snake:2  | 25786 ||| Stepping ~*~*~tactically~*~*~ (stealth).
 25788 | Snake:2  | 25788 ||| Stepping ~*~*~tactically~*~*~ (hiding).
 25804 | Snake:2  | Received a gift from Okawaru
 25829 | Snake:2  | Noticed Nikola
 25830 | Snake:2  | 25830 ||| INVOKING Heroism.
 25846 | Snake:2  | Killed from afar by Nikola

Levels and vault maps discovered:
D:1:      minmay_arrival_doors, layout_basic, minmay_door_square,
          minmay_tetromino_s4
D:2:      layout_loops_ring
D:3:      layout_basic, dreamdust_wishing_well
D:4:      kennysheep_the_goblin_king, layout_cave_pools, minmay_between
D:5:      kennysheep_kobold_camp, layout_basic, serial_co_window_serial,
          co_window_corner_a, co_window_paths_a, co_window_paths_a,
          co_window_paths_b, co_window_paths_b, co_window_paths_a,
          co_window_of_opportunity_a, co_window_corner_a,
          co_window_of_opportunity_a, co_window_corner_b,
          co_window_unsneaky_path_e, co_window_corner_b, co_window_4corner_a,
          co_window_sun
D:6:      layout_rooms, mainiacjoe_overflow_catwalk,
          mainiacjoe_overflow_tiny_flanked, minivault_4,
          chequers_serial_rivers_large_a, uniq_maggie, uniq_menkaure
D:7:      layout_basic, minmay_temple_entry_proselytizer, enter_bailey_2,
          serial_shops, kennysheep_little_box
D:8:      layout_layer_cave, nicolae_hepliaklqana_monster_ancestors, uniq_psyche
D:9:      layout_roguey, david_orc_1_choice, nicolae_kite_square_tiling_tiny,
          uniq_erica
D:10:     kennysheep_ambush_hall, layout_layer_cave, erik_lair_orcish_takeover
D:11:     layout_stronghold
D:12:     layout_roguey, serial_park_tiny_pond
D:13:     layout_roguey, david_vaults_3, minmay_circle_x
D:14:     layout_roguey, fedhas_altar_4, kennysheep_pointless_box, uniq_rupert
D:15:     hangedman_depths_entry_civil_slaughter, layout_cave_pools,
          serial_shops, nicolae_shop_back_alley_shop, minivault_4, uniq_kirke
Temple:   hellmonk_temple_divided_pantheon
Lair:1:   layout_hall_layers
Lair:2:   layout_gridlike, infiniplex_staircase_pool, grunt_megastairs_3
Lair:3:   layout_roguey, nicolae_swamp_entry_splash_gauntlet,
          minmay_snake_entry_guardpost_medium, serial_bayou_pond_b
Lair:4:   layout_gridlike, slime_entry_1, basic_altar
Lair:5:   hangedman_lair_tendril_chambers, layout_misc_corridors,
          hangedman_lair_caniforms_friends, basic_altar,
          chequers_serial_rivers_micro_c
Snake:1:  cheibrodos_snake_ritualist_ritual, layout_gridlike, basic_altar,
          st_stairs_4, lemuel_oklob_altar, uniq_asterion
Snake:2:  layout_onion, basic_altar, lemuel_fruit_tree, uniq_aizul,
          uniq_mlioglotl, uniq_nikola
Orc:1:    layout_caves, serial_shops, nicolae_orc_lava_tube
Orc:2:    st_orc_town, layout_caves, special_room, basic_altar, serial_shops,
          shop

Skill      XL: |  1  2  3  4  5  6  7  8  9 10 11 12 13 14 15 16 |
---------------+-------------------------------------------------+-----
Axes           | 2 3 4 5 7 8 9 10 12 14 16 17 18 | 18.0
Throwing       | 1 2 4 5 6 7 |  7.0
Dodging        | 1 2 3 4 6 |  6.0
Fighting       | 4 6 7 8 9 10 11 12 13 14 | 14.4
Armour         | 4 5 6 8 9 10 11 12 | 12.3
Shields        | 4 5 6 7 8 10 | 10.8
Invocations    | 4 9 10 | 10.0

Action                     |  1- 3 |  4- 6 |  7- 9 | 10-12 | 13-15 | 16-18 || total
---------------------------+-------+-------+-------+-------+-------+-------++-------
  Melee: War axe           |   114 |    89 |   271 |       |       |       ||   474
         Broad axe         |       |       |     9 |   340 |   701 |   560 ||  1610
         Flail             |       |       |       |       |    43 |       ||    43
         Headbutt          |       |       |       |       |       |    90 ||    90
  Throw: Javelin           |     4 |    32 |     6 |    39 |    55 |    48 ||   184
         Boomerang         |       |       |    56 |       |     4 |    59 ||   119
 Invoke: Heroism           |       |       |       |    19 |    30 |    19 ||    68
         Finesse           |       |       |       |       |     4 |     3 ||     7
    Use: Scroll            |     4 |     7 |     6 |     5 |    11 |     8 ||    41
         Potion            |     1 |     1 |     3 |     2 |     3 |     5 ||    15
 Armour: Scale mail        |    37 |       |       |       |       |       ||    37
         Chain mail        |    19 |       |       |       |       |    86 ||   105
         Plate armour      |     7 |    50 |   157 |   232 |   516 |    91 ||  1053
  Dodge: Dodged            |    60 |    31 |   173 |   272 |   550 |   257 ||  1343
  Block: Buckler           |    18 |    16 |    82 |   123 |   288 |   108 ||   635
         Reflection        |       |     1 |     3 |     8 |     5 |     9 ||    26
         Kite shield       |       |       |       |       |       |    52 ||    52

Table legend:
 A = Non-vault XP
 B = Vault XP
 C = Vault XP percentage of total XP
 D = Non-vault monster count
 E = Vault monster count
 F = Vault count percentage of total count
                 A         B        C        D         E       F
            +---------+---------+-------+---------+---------+-------
      Total |  120723 |   66362 |  35.5 |     543 |     295 |  35.2
            +---------+---------+-------+---------+---------+-------
        D:1 |      33 |       4 |  10.8 |      19 |       2 |   9.5
        D:2 |      35 |       0 |   0.0 |      12 |       0 |   0.0
        D:3 |      74 |       0 |   0.0 |      13 |       0 |   0.0
        D:4 |     212 |      21 |   9.0 |      22 |      11 |  33.3
        D:5 |    1266 |     122 |   8.8 |      27 |      21 |  43.8
        D:6 |    1036 |     545 |  34.5 |      21 |       2 |   8.7
        D:7 |    1553 |      41 |   2.6 |      15 |       1 |   6.2
        D:8 |    2844 |     386 |  12.0 |      24 |       3 |  11.1
        D:9 |    2561 |    1525 |  37.3 |      25 |      10 |  28.6
       D:10 |    3911 |    3113 |  44.3 |      18 |      16 |  47.1
       D:11 |    2690 |       0 |   0.0 |      21 |       0 |   0.0
       D:12 |    6564 |       0 |   0.0 |      21 |       0 |   0.0
       D:13 |    4807 |    7050 |  59.5 |      15 |      22 |  59.5
       D:14 |    7089 |    1869 |  20.9 |      18 |       1 |   5.3
       D:15 |   12837 |    6465 |  33.5 |      24 |      10 |  29.4
     Lair:1 |    5338 |       0 |   0.0 |      24 |       0 |   0.0
     Lair:2 |    5348 |    2994 |  35.9 |      29 |      15 |  34.1
     Lair:3 |   13072 |    4998 |  27.7 |      31 |      15 |  32.6
     Lair:4 |    6747 |     818 |  10.8 |      23 |       3 |  11.5
     Lair:5 |    7205 |   20292 |  73.8 |      20 |      91 |  82.0
    Snake:1 |   14642 |    5969 |  29.0 |      28 |       9 |  24.3
    Snake:2 |   12488 |       0 |   0.0 |      24 |       0 |   0.0
      Orc:1 |    6835 |       0 |   0.0 |      59 |       0 |   0.0
      Orc:2 |    1536 |   10150 |  86.9 |      10 |      63 |  86.3
            +---------+---------+-------+---------+---------+-------
